 Dungeon Sprint DCSS version 0.30-a0-777-ga9a30cbeda (webtiles) character file.

Game seed: 11752321094996318022

973 sircluck the Cleaver (level 8, -12/79 HPs)
             Began as a Hill Orc Fighter on Feb 13, 2023.
             Killed from afar by a hell knight (29 damage)
             ... with a bolt of fire
             ... in the Dungeon (Sprint VII: "The Pits").
             The game lasted 00:04:17 (595 turns).

sircluck the Cleaver (Hill Orc Fighter)              Turns: 595, Time: 00:04:18

Health: -12/79     AC: 19    Str: 21    XL:     8   Next: 16%
Magic:  8/8        EV: 10    Int: 11    God:
Gold:   0          SH:  5    Dex: 10    Spells: 7/7 levels left

rFire   . . .      SeeInvis .    w - +1 broad axe (heavy)
rCold   . . .      Faith    .    c - +0 buckler
rNeg    . . .      Spirit   .    y - +3 plate armour
rPois   .          Reflect  .    x - +0 helmet
rElec   .          Harm     .    (no cloak)
rCorr   .          Rampage  .    (no gloves)
Will    .....      NoTele   +    (no boots) Stlth
                                 (no amulet)
HPRegen 0.33/turn                t - +3 ring of evasion
MPRegen 0.11/turn                u - +3 ring of intelligence

@: no status effects
A: no striking features
a: no special abilities


You were in the Dungeon.
You visited 1 branch

Inventory:

Hand Weapons
 a - a +0 war axe
 p - a +2 hand axe
 q - a +2 heavy hand axe
 w - a +1 heavy broad axe (weapon)
Missiles
 n - 14 stones (quivered)
Armour
 b - a +0 scale mail
 c - a +0 buckler (worn)
 r - a +2 plate armour
 s - a +3 chain mail
 x - a +0 helmet (worn)
 y - a +3 plate armour (worn)
Jewellery
 t - a +3 ring of evasion (left hand)
 u - a +3 ring of intelligence (right hand)
Scrolls
 j - a scroll of blinking
 l - 5 scrolls of amnesia
 m - a scroll of summoning
 o - 2 scrolls of vulnerability
Potions
 d - 4 potions of might
 e - 6 potions of curing
 f - 7 potions of heal wounds
 g - 2 potions of haste
 h - 4 potions of magic
 i - 6 potions of berserk rage
 k - 2 potions of invisibility
 v - a potion of brilliance


   Skills:
 + Level 10.2 Fighting
 + Level 13.1 Axes
 + Level 10.4 Armour
 + Level 2.4 Dodging
 + Level 8.6 Shields


You had 7 spell levels left.
You didn't know any spells.
Your spell library was empty.

Dungeon Overview and Level Annotations

Branches:
Dungeon (1/1)

Altars:
Ashenzari
Cheibriados
Dithmenos
Elyvilon
Fedhas
Gozag
Hepliaklqana
Kikubaaqudgha
Makhleb
Nemelex Xobeh
Okawaru
Qazlal
Ru
Sif Muna
Trog
Uskayaw
Vehumet
Wu Jian
Xom
Yredelemnul
Zin
The Shining One
Beogh
Jiyva
Lugonu


Message History

There is an open door here.
You see here a wolf corpse.
There is an open door here.
There is an open door here.
There is an open door here.
There is an open door to the Temple (Safe) here.
There is a glowing golden altar of the Shining One here.
There is an open door to the Temple (Safe) here.
There is an open door to the Storerooms (Easy) here.
You open the huge gate.
There is a huge open gate to the Grid Vault (Hard) here.
There is a huge open gate to the Grid Vault (Hard) here.
You open the huge gate.
There is a huge open gate to the Main Hall (Safe) here.
There is a huge open gate to the Grid Vault (Hard) here.
You open the huge gate.
There is a huge open gate to a Minivault (Hard) here.
There is a huge open gate to a Minivault (Hard) here.
You open the door.
A necromancer and 5 hell knights come into view.
A hell knight is wielding a +4 heavy great sword.
A hell knight is wielding a +4 great mace of pain.
A hell knight is wielding a +4 demon trident of flaming.
A hell knight is wielding a +1 great sword of pain.
The hell knight shouts! x4; The necromancer shouts!
The hell knight shouts!
You hear a deafening roar!
You hear a shout!
A hell knight opens the door.
A swamp dragon comes into view.
The hell knight calls down the wrath of its god upon you.
The bolt of fire hits the hell knight.
The hell knight completely resists.
The bolt of fire hits you!!
You hit the hell knight but do no damage.
The hell knight hits you with a +4 heavy great sword!
You are too injured to fight recklessly!
You barely miss the hell knight.
The hell knight hits you with a +4 heavy great sword!!
* * * LOW HITPOINT WARNING * * *
A nagaraja comes into view. It is wielding a +0 flail.
The hell knight mumbles some strange prayers to its god against you.
The bolt of fire hits the hell knight.
The hell knight completely resists.
The bolt of fire hits the hell knight.
The hell knight completely resists.
The bolt of fire hits you!!
You die...

..............''..........
..............''..........
############..##..#....#..
#..##..........
#..##..........
#..####''####++
+..####''### #..##......#
############..##@#+##.#
..............##.# .#
........... #.pNp# #
###''###### #p#p.+
###''###### #.'p.#
..........# #.# +#
#..#......# #..
..........+ ###
..........+


You could see 4 hell knights.

Vanquished Creatures
  A wolf spider (D)
  A shadow (D)
  A sky beast (D)
  A wolf (D)
  An ogre (D)
  A centaur (D)
  A jelly (D)
  A mummy (D)
  A gnoll (D)
  2 white imps (D)
  2 ufetubi (D)
  A worm (D)
  An orc (D)
  2 quokkas (D)
  A ball python skeleton (D)
  A frilled lizard (D)
  2 goblins (D)
  A jackal zombie (D)
  2 kobolds (D)
24 creatures vanquished.

Notes
Turn   | Place    | Note
-------+----------+-------------------------------------------
     0 | D        | sircluck the Hill Orc Fighter began the quest for the Orb.
     0 | D        | Reached XP level 1. HP: 19/19 MP: 1/1
    29 | D        | Noticed a hornet
    29 | D        | Noticed a bullfrog
    29 | D        | Noticed a hound
    60 | D        | Reached skill level 3 in Axes
    94 | D        | Found a bloodstained altar of Trog.
    94 | D        | Found a shimmering blue altar of Sif Muna.
    94 | D        | Found a viscous altar of Jiyva.
    94 | D        | Found a hazy altar of Hepliaklqana.
    94 | D        | Found an opulent altar of Gozag.
    95 | D        | Found a glowing golden altar of the Shining One.
    95 | D        | Found a glowing silver altar of Zin.
    95 | D        | Found a basalt altar of Yredelemnul.
    95 | D        | Found a shimmering altar of Xom.
    95 | D        | Found an ornate altar of the Wu Jian Council.
    95 | D        | Found a sacrificial altar of Ru.
    95 | D        | Found a stormy altar of Qazlal.
    95 | D        | Found an iron altar of Okawaru.
    95 | D        | Found a sparkling altar of Nemelex Xobeh.
    95 | D        | Found a burning altar of Makhleb.
    95 | D        | Found a blossoming altar of Fedhas.
    95 | D        | Found a white marble altar of Elyvilon.
    95 | D        | Found a shadowy altar of Dithmenos.
    95 | D        | Found a snail-covered altar of Cheibriados.
    97 | D        | Found a radiant altar of Vehumet.
    97 | D        | Found a corrupted altar of Lugonu.
    97 | D        | Found a roughly hewn altar of Beogh.
    98 | D        | Found a hide-covered altar of Uskayaw.
    98 | D        | Found an ancient bone altar of Kikubaaqudgha.
    98 | D        | Found a broken altar of Ashenzari.
   113 | D        | Reached XP level 2. HP: 24/28 MP: 2/2
   220 | D        | Noticed a sky beast
   229 | D        | Reached skill level 5 in Fighting
   229 | D        | Reached skill level 4 in Axes
   229 | D        | Reached skill level 5 in Armour
   229 | D        | Reached skill level 5 in Shields
   229 | D        | Reached XP level 3. HP: 31/36 MP: 3/3
   232 | D        | Killed a sky beast
   233 | D        | Reached skill level 6 in Axes
   233 | D        | Reached XP level 4. HP: 41/45 MP: 4/4
   233 | D        | Reached XP level 5. HP: 47/51 MP: 5/5
   246 | D        | Noticed a centaur
   254 | D        | Killed a centaur
   255 | D        | Reached skill level 8 in Axes
   255 | D        | Reached skill level 1 in Dodging
   305 | D        | Reached XP level 6. HP: 61/61 MP: 6/6
   318 | D        | Reached skill level 9 in Axes
   337 | D        | Noticed a shadow
   337 | D        | Noticed a wolf spider
   349 | D        | Killed a wolf spider
   350 | D        | Reached skill level 12 in Axes
   350 | D        | Reached XP level 7. HP: 10/71 MP: 7/7
   351 | D        | Killed a shadow
   352 | D        | Reached skill level 10 in Fighting
   352 | D        | Reached skill level 10 in Armour
   352 | D        | Reached XP level 8. HP: 33/79 MP: 8/8
   361 | D        | Reached skill level 13 in Axes
   592 | D        | Noticed a hell knight
   592 | D        | Noticed a hell knight
   592 | D        | Noticed a hell knight
   592 | D        | Noticed a hell knight
   592 | D        | Noticed a necromancer
   592 | D        | Noticed a hell knight
   592 | D        | Noticed a swamp dragon
   595 | D        | Noticed a nagaraja
   595 | D        | Killed from afar by a hell knight

Illustrated notes

Levels and vault maps discovered:
D:        pitsprint [storerooms_1, entrance_room_1, metal_vault_1, armoury_2,
          mini_pit_1, grid_room_1, main_hall_1, silver_pit, the_coven_1,
          the_vestibule_1, steel_vault_5, golden_pit, hallway_of_sentries,
          crystal_vault_3, iron_vault_2, final_vault]

Skill      XL: |  1  2  3  4  5  6  7  8 |
---------------+-------------------------+-----
Fighting       | 4 5 6 7 9 10 | 10.2
Axes           | 3 4 6 8 12 13 | 13.1
Armour         | 4 5 6 7 9 10 | 10.4
Shields        | 4 5 6 7 8 |  8.6
Dodging        | 1 2 |  2.4

Action                     |  1- 3 |  4- 6 |  7- 9 || total
---------------------------+-------+-------+-------++-------
  Melee: War axe           |    27 |       |       ||    27
         Hand axe          |     8 |    26 |     8 ||    42
         Broad axe         |       |       |     2 ||     2
    Use: Potion            |       |     1 |     2 ||     3
 Armour: Scale mail        |    13 |       |       ||    13
         Plate armour      |    12 |    44 |       ||    56
  Dodge: Dodged            |    19 |    18 |     1 ||    38
  Block: Buckler           |     6 |    16 |     2 ||    24

Table legend: (Time is in decaauts)
 A = Elapsed time spent in this place.
 B = Non-inter-level travel time spent in this place.
 C = Inter-level travel time spent in this place.
 D = Time resting spent in this place.
 E = Time spent auto-exploring this place.
 F = Levels seen in this place.
 G = Mean time per level.
                   A        B        C        D        E       F      G
               +--------+--------+--------+--------+--------+-----+--------+
         Total |    617 |    589 |     28 |      0 |    239 |   1 |  617.0 |
       Dungeon |    617 |    589 |     28 |      0 |    239 |   1 |  617.0 |
               +--------+--------+--------+--------+--------+-----+--------+

Top non-repeatable levels by time:
       D: 617 daAuts
